 Dungeon Crawl Stone Soup version 0.24.1 (webtiles) character file.

Game seed: 6665525507336813734, levelgen mode: deterministic

84 Peloso the Shield-Bearer (level 4, -2/40 HPs)
             Began as a Minotaur Fighter on Apr 7, 2020.
             Killed from afar by Natasha (3 damage)
             ... with a magic dart
             ... on level 2 of the Dungeon.
             The game lasted 00:02:35 (1050 turns).

Peloso the Shield-Bearer (Minotaur Fighter)         Turns: 1050, Time: 00:02:36

Health: -2/40      AC:  9    Str: 20    XL:     4   Next: 23%
Magic:  3/3        EV:  7    Int:  5    God:
Gold:   97         SH:  9    Dex: 11    Spells: 3/3 levels left

rFire    . . .     SeeInvis .   a - +0 long sword
rCold    . . .     Gourm    .   c - +0 shield
rNeg     . . .     Faith    .   b - +0 scale mail
rPois    .         Spirit   .   (helmet restricted)
rElec    .         Reflect  .   (no cloak)
rCorr    .         Harm     .   (no gloves)
MR       .....                  o - +1 pair of boots
Stlth    ..........             (no amulet)
HPRegen  0.13/turn              (no ring)
MPRegen  0.08/turn              (no ring)

@: slowed, very slow
A: retaliatory headbutt, horns 2
a: no special abilities


You were on level 2 of the Dungeon.
You were hungry.

You visited 1 branch of the dungeon, and saw 2 of its levels.

You collected 97 gold pieces.

Inventory:

Hand Weapons
 a - a +0 long sword (weapon)
Armour
 b - a +0 scale mail (worn)
 c - a +0 shield (worn)
 o - a +1 pair of boots (worn)
Scrolls
 e - a scroll of magic mapping {unknown}
 j - 2 scrolls of identify {unknown}
 k - a scroll of fear {unknown}
 l - a scroll of random uselessness {unknown}
 m - a scroll of enchant armour {unknown}
 n - a scroll of remove curse {unknown}
Potions
 d - a potion of might
 g - 2 potions of agility
 h - a potion of mutation {unknown}
 i - a potion of invisibility {unknown}
 p - a potion of brilliance {unknown}
 q - a potion of haste {unknown}
Comestibles
 f - 2 rations


   Skills:
 + Level 4.1 Fighting
 + Level 3.6 Long Blades
 + Level 4.2 Armour
 + Level 0.7 Dodging
 + Level 4.5 Shields


You had 3 spell levels left.
You didn't know any spells.
Your spell library was empty.

Dungeon Overview and Level Annotations

Branches:
Dungeon (2/15)

Altars:
Xom
Zin

Annotations:
D:2 Natasha


Innate Abilities, Weirdness & Mutations

You reflexively headbutt those who attack you in melee.
You have a pair of horns on your head.


Message History

You resist with some effort. The white imp barely misses you.
You riposte.
You hit the white imp.
You kill the white imp!
You barely miss Natasha.
Natasha is severely wounded.
You block Natasha's attack. Natasha claws you!
* * * LOW HITPOINT WARNING * * *
Natasha claws you.
* * * LOW HITPOINT WARNING * * *
You closely miss Natasha.
Natasha is severely wounded.
Natasha claws you.
* * * LOW HITPOINT WARNING * * *
You block Natasha's attack.
You hit Natasha but do no damage. Your headbutt misses Natasha.
Natasha is severely wounded.
You block Natasha's attack. Natasha casts a spell at you.
The magic dart hits you.
You die...

......#.# #.#
#....)#.###.#
#.#.......#.#
......#.#.#.#
....#.#.#.#.#
.####.#.#|#.# .#
#.#.#.#.# ##
#.#.#.#†########..#
#
#.#.#.......@h...>#
#
#.#.#.......#######
# #.#......$...#
#.#####^###.....
#.# ### ##.### .#
##


You could see Natasha.

Vanquished Creatures
  2 adders (D:2)
  2 worms (D:2)
  2 giant cockroaches
  12 goblins
  10 hobgoblins
  6 jackals
  5 kobolds
  A quokka (D:2)
  5 bats (D:1)
  2 frilled lizards (D:1)
  7 rats
54 creatures vanquished.

Notes
Turn   | Place    | Note
-------+----------+-------------------------------------------
     0 | D:1      | Peloso the Minotaur Fighter began the quest for the Orb.
     0 | D:1      | Reached XP level 1. HP: 19/19 MP: 0/0
    98 | D:1      | Reached XP level 2. HP: 27/27 MP: 1/1
   410 | D:1      | Reached XP level 3. HP: 24/33 MP: 2/2
   890 | D:2      | Reached XP level 4. HP: 40/40 MP: 3/3
   983 | D:2      | Found a shimmering altar of Xom.
   983 | D:2      | Found a glowing silver altar of Zin.
   984 | D:2      | Noticed an angel
  1029 | D:2      | Noticed Natasha
  1049 | D:2      | HP: 1/40 [Natasha (2)]
  1050 | D:2      | Killed from afar by Natasha

Levels and vault maps discovered:
D:1:      psy_arrival_basics, layout_loops_cross, hangedman_decor_opposing,
          minmay_pentomino_u2
D:2:      layout_basic, grunt_temple_overflow_order_and_chaos_1,
          grunt_gozag_statues, amethyst_overflow_temple_binary, uniq_natasha

Skill      XL: |  1  2  3 |
---------------+----------+-----
Armour         | 4 |  4.2
Shields        | 4 |  4.5
Fighting       | 4 |  4.1
Long Blades    | 3 |  3.6
Dodging        | |  0.7

Action                   |  1- 3 |  4- 6 || total
-------------------------+-------+-------++-------
Melee: Long sword        |    90 |    32 ||   122
       Headbutt          |    17 |     6 ||    23
Armor: Scale mail        |    44 |    12 ||    56
Dodge: Dodged            |    32 |     9 ||    41
Block: Shield            |    56 |    17 ||    73
       Rpst.: Long sword |     9 |     3 ||    12
